 Dungeon Crawl Stone Soup version 0.28-a0-511-gcc94558de3 (webtiles) character file.

Game seed: 16030990436409513093

412 peenler the Skirmisher (level 6, -8/67 HPs)
             Began as an Ogre Berserker on Sept 21, 2021.
             Was a Believer of Trog.
             Mangled by an ogre (18 damage)
             ... on level 4 of the Dungeon.
             The game lasted 00:06:19 (2248 turns).

peenler the Skirmisher (Ogre Berserker)             Turns: 2248, Time: 00:06:20

Health: -8/67      AC:  3    Str: 24    XL:     6   Next: 90%
Magic:  6/6        EV: 10    Int:  8    God:    Trog [**....]
Gold:   137        SH:  0    Dex:  8    Spells: 5/5 levels left

rFire   . . .      SeeInvis .   l - +0 scythe
rCold   . . .      Faith    .   (shield currently unavailable)
rNeg    . . .      Spirit   .   b - +0 animal skin
rPois   .          Reflect  .   (helmet restricted)
rElec   .          Harm     .   (no cloak)
rCorr   .          Rampage  .   (gloves unavailable)
Will    .....                   (boots unavailable)
Stlth   +.........              (no amulet)
HPRegen 0.21/turn               (no ring)
MPRegen 0.10/turn               (no ring)

@: on berserk cooldown, slowed, very slow
A: large, unfitting armour, tough skin 1
a: Renounce Religion, Berserk, Trog's Hand


You were on level 4 of the Dungeon.
You worshipped Trog.
Trog was pleased with you.
You visited 1 branch of the dungeon, and saw 4 of its levels.

You collected 137 gold pieces.

Inventory:

Hand Weapons
 a - a +0 hand axe
 c - a +0 mace
 l - a +0 scythe (weapon)
Missiles
 m - 2 throwing nets (quivered)
Armour
 b - a +0 animal skin (worn)
 e - a +1 helmet
 p - a +0 ring mail
Wands
 k - a wand of digging (8)
Scrolls
 f - 3 scrolls of identify {unknown}
 h - a scroll of teleportation {unknown}
 i - a scroll of brand weapon {unknown}
 j - a scroll of blinking {unknown}
 n - 2 scrolls of enchant armour {unknown}
 o - a scroll of magic mapping {unknown}
Potions
 d - 2 potions of flight {unknown}
 g - a potion of degeneration {unknown}


   Skills:
 + Level 5.8 Fighting
 + Level 3.8(4.5) Axes
 + Level 2.0(3.1) Maces & Flails
 + Level 2.3(3.4) Polearms
 + Level 4.2 Dodging
 + Level 1.1 Stealth


You had 5 spell levels left.
You didn't know any spells.
Your spell library was empty.

Dungeon Overview and Level Annotations

Branches:
Dungeon (4/15)             Temple (0/1) D:4

Altars:
Makhleb
Ru


Innate Abilities, Weirdness & Mutations

You are too large for most types of armour.
You have tough skin. (AC +1)


Message History

The gnoll misses you.
The ball python bites you but does no damage.
You slash the ball python!
You kill the ball python!
Trog accepts your kill.
An ogre comes into view. It is wielding a +0 giant club.
The gnoll hits you but does no damage. The endoplasm freezes you.
You are frozen.
* * * LOW HITPOINT WARNING * * *
The gnoll hits you with a +0 spear.
* * * LOW HITPOINT WARNING * * *
The endoplasm hits you but does no damage.
The gnoll hits you with a +0 flail.
* * * LOW HITPOINT WARNING * * *
You slash the endoplasm!
You kill the endoplasm!
Trog accepts your kill. The gnoll hits you with a +0 spear.
* * * LOW HITPOINT WARNING * * *
The gnoll hits you but does no damage. The gnoll hits you with a +0 spear.
* * * LOW HITPOINT WARNING * * *
You slash the gnoll!
You kill the gnoll!
Trog accepts your kill. The gnoll hits you with a +0 flail.
* * * LOW HITPOINT WARNING * * *
Things that are here:
a +0 spear; a gnoll corpse You feel a strong urge to attack something.
You are no longer berserk.
You are exhausted.
You feel yourself slow down. The gnoll closely misses you.
Things that are here:
a +0 halberd; a gnoll corpse You slash the gnoll!
You kill the gnoll!
Trog accepts your kill.
The ogre hits you with a +0 giant club!!
You die...

.##...#....###..#.......
....####.#.!##.#........
..#.....................
.........<.....####.####
..........###....# .#
##.......# ##.#.# .#
#.......## #.#....#
.##...†)...###.# #..#
.......@)....... .##
.......O...###.# .
.#.###......... #.
#.......... #
#.......... ...........
#.########.. .. ..


You could see an ogre.

Vanquished Creatures
  Sigmund (D:2)
  A black bear (D:4)
  A bullfrog skeleton (D:4)
  An iguana (D:4)
  6 gnolls
  An adder skeleton (D:2)
  A worm (D:2)
  A dart slug (D:3)
  6 ball pythons
  4 endoplasms
  A giant cockroach (D:3)
  2 goblins
  7 hobgoblins
  4 jackals (D:4)
  2 kobolds
  3 quokkas
  6 bats
  2 frilled lizards (D:2)
  A rat (D:3)
51 creatures vanquished.

Vanquished Creatures (others)
  2 plants (D:4)
2 creatures vanquished.

Grand Total: 53 creatures vanquished

Notes
Turn   | Place    | Note
-------+----------+-------------------------------------------
     0 | D:1      | peenler the Ogre Berserker began the quest for the Orb.
     0 | D:1      | Reached XP level 1. HP: 24/24 MP: 1/1
    66 | D:1      | Found a faded altar of an unknown god.
   225 | D:1      | Reached XP level 2. HP: 32/32 MP: 2/2
   737 | D:2      | Found a sacrificial altar of Ru.
   979 | D:2      | Noticed Sigmund
   992 | D:2      | Killed Sigmund
   993 | D:2      | Reached skill level 5 in Fighting
   993 | D:2      | Reached skill level 1 in Maces & Flails
   993 | D:2      | Reached XP level 3. HP: 42/42 MP: 3/3
   993 | D:2      | Reached XP level 4. HP: 50/50 MP: 4/4
   993 | D:2      | Reached XP level 5. HP: 57/57 MP: 5/5
  1346 | D:3      | Reached skill level 1 in Stealth
  1653 | D:3      | Reached XP level 6. HP: 66/66 MP: 6/6
  1690 | D:3      | Reached ** piety under Trog
  1868 | D:3      | Found a burning altar of Makhleb.
  2040 | D:4      | Noticed a black bear
  2040 | D:4      | Found a staircase to the Ecumenical Temple.
  2046 | D:4      | Killed a black bear
  2047 | D:4      | Reached skill level 1 in Polearms
  2248 | D:4      | Mangled by an ogre

Illustrated notes

Levels and vault maps discovered:
D:1:      saegor_arrival_simple_e, layout_loops_ring,
          shapermc_ecumenical_altar_venn
D:2:      layout_rooms, basic_altar, grunt_ministairs_12, uniq_sigmund
D:3:      layout_loops_ring, bloody_makhleb
D:4:      layout_rooms, minmay_temple_entry_gardened_gates

Skill      XL: |  1  2  3  4  5  6 |
---------------+-------------------+-----
Dodging        | 3 4 |  4.2
Fighting       | 5 |  5.8
Maces & Flails | 1 2 |  2.0
Stealth        | 1 |  1.1
Polearms       | 2 |  2.3
Axes           | |  3.8

Action                   |  1- 3 |  4- 6 || total
-------------------------+-------+-------++-------
Melee: Hand axe          |    11 |       ||    11
       Mace              |    39 |     1 ||    40
       Scythe            |       |    99 ||    99
Invok: Berserk           |     1 |     3 ||     4
       Trog's Hand       |       |     1 ||     1
 Stab: Sleeping          |       |     1 ||     1
Armor: Animal skin       |    22 |    92 ||   114
Dodge: Dodged            |    37 |   147 ||   184

Table legend: (Time is in decaauts)
 A = Elapsed time spent in this place.
 B = Non-inter-level travel time spent in this place.
 C = Inter-level travel time spent in this place.
 D = Time resting spent in this place.
 E = Time spent auto-exploring this place.
 F = Levels seen in this place.
 G = Mean time per level.
                   A        B        C        D        E       F      G
               +--------+--------+--------+--------+--------+-----+--------+
         Total |   2359 |   2333 |     26 |    511 |   1083 |   4 |  589.8 |
       Dungeon |   2359 |   2333 |     26 |    511 |   1083 |   4 |  589.8 |
               +--------+--------+--------+--------+--------+-----+--------+

Top non-repeatable levels by time:
     D:3: 782 daAuts
     D:1: 733 daAuts
     D:2: 608 daAuts
     D:4: 234 daAuts
